 Dungeon Crawl Stone Soup version 0.21-a0-584-g185da8e (webtiles) character file.

56 tidbits the Digger (level 3, -4/26 HPs)
             Began as a Gnoll Earth Elementalist on Dec 21, 2017.
             Slain by a gnoll
             ... wielding a +0 halberd of venom
              (10 damage)
             ... on level 2 of the Dungeon.
             The game lasted 00:04:19 (471 turns).

tidbits the Digger (Gnoll Earth Elementalist)        Turns: 471, Time: 00:04:21

Health: -4/26      AC:  2    Str: 10    XL:     3   Next: 95%
Magic:  1/9        EV: 15    Int: 18    God:
Gold:   58         SH:  0    Dex: 15    Spells: 9/12 levels left

rFire    . . .     SeeInvis .   b - +0 hunting sling
rCold    . . .     Gourm    .   (no shield)
rNeg     . . .     Faith    .   c - +0 robe
rPois    .         Spirit   .   (no helmet)
rElec    .         Reflect  .   (no cloak)
rCorr    .         Harm     .   (no gloves)
MR       .....     Rnd*Tele +   (no boots)
Stlth    +++.......             (no amulet)
HPRegen  0.08/turn              h - ring of teleportation (curse)
MPRegen  0.11/turn              (no ring)

@: very slightly contaminated
A: distributed training, fangs 1, strong nose
a: no special abilities


You were on level 2 of the Dungeon.
You were not hungry.

You visited 1 branch of the dungeon, and saw 3 of its levels.

You collected 58 gold pieces.

Inventory:

Hand Weapons
 a - a +0 short sword
 b - a +0 hunting sling (weapon)
 f - a +0 dagger
Missiles
 j - 34 arrows
 l - 64 stones (quivered)
Armour
 c - a +0 robe (worn)
Jewellery
 h - a cursed ring of teleportation (left hand)
   (You found it on level 1 of the Dungeon)
Scrolls
 g - 4 scrolls of remove curse {unknown}
 k - a scroll of fog {unknown}
Potions
 i - a potion of curing
Books
 e - a book of Geomancy

   Spells                             Type                      Level
   a - Sandblast                      Earth                        1
   b - Passwall                       Transmutation/Earth          2
   c - Stone Arrow                    Conjuration/Earth            3
   d - Petrify                        Transmutation/Earth          4
   e - Lee's Rapid Deconstruction     Earth                        5
Comestibles
 d - 3 rations


   Skills:
 + Level 1.0 Fighting
 + Level 1.0 Short Blades
 + Level 1.0 Long Blades
 + Level 1.0 Axes
 + Level 1.0 Maces & Flails
 + Level 1.0 Polearms
 + Level 1.0 Staves
 + Level 1.0 Slings
 + Level 1.0 Bows
 + Level 1.0 Crossbows
 + Level 1.0 Throwing
 + Level 1.0 Armour
 + Level 4.6 Dodging
 + Level 4.2 Stealth
 + Level 1.0 Shields
 + Level 1.0 Unarmed Combat
 + Level 5.0 Spellcasting
 + Level 0.7 Conjurations
 + Level 0.7 Hexes
 + Level 0.7 Charms
 + Level 0.7 Summonings
 + Level 0.7 Necromancy
 + Level 0.7 Translocations
 + Level 2.1 Transmutations
 + Level 0.7 Fire Magic
 + Level 0.7 Ice Magic
 + Level 0.7 Air Magic
 + Level 5.4 Earth Magic
 + Level 0.7 Poison Magic
 + Level 1.0 Invocations
 + Level 1.0 Evocations


You had 9 spell levels left.
You knew the following spells:

 Your Spells              Type           Power        Failure   Level  Hunger
a - Sandblast             Erth           ###...       1%          1    None
p - Passwall              Tmut/Erth      ###.......   4%          2    #......


Dungeon Overview and Level Annotations

Branches:
Dungeon (3/15)

Altars:

Annotations:
D:3 Ijyb


Innate Abilities, Weirdness & Mutations

Your experience applies equally to all skills.
You have very sharp teeth.
Your uncanny sense of smell can sniff out nearby items.


Message History

* * * LOW HITPOINT WARNING * * *
Casting: Sandblast
Confirm with . or Enter, or press ? or * to list all spells.
Aiming: Sandblast
Press: ? - help, Shift-Dir - straight line, f - gnoll
Aim: a gnoll, wielding a club (lightly wounded)
The blast of sand hits the gnoll.
The gnoll is severely wounded.
l - 71 stones
Casting: Sandblast
Confirm with . or Enter, or press ? or * to list all spells.
Aiming: Sandblast
Press: ? - help, Shift-Dir - straight line, f/p - gnoll
Aim: a gnoll, wielding a club (severely wounded)
The blast of sand hits the gnoll.
You kill the gnoll!
Your Fighting skill increases to level 1!
Your Short Blades skill increases to level 1!
Your Long Blades skill increases to level 1!
Your Axes skill increases to level 1!
Your Maces & Flails skill increases to level 1!
Your Polearms skill increases to level 1!
Your Staves skill increases to level 1!
Your Slings skill increases to level 1!
Your Bows skill increases to level 1!
Your Crossbows skill increases to level 1!
Your Throwing skill increases to level 1!
Your Armour skill increases to level 1!
Your Shields skill increases to level 1!
Your Unarmed Combat skill increases to level 1!
Your Evocations skill increases to level 1!
l - 70 stones The gnoll barely misses you.
Casting: Sandblast
Confirm with . or Enter, or press ? or * to list all spells.
Aiming: Sandblast
Press: ? - help, Shift-Dir - straight line, f - gnoll
Aim: a gnoll, wielding a spear (lightly wounded)
The blast of sand hits the gnoll.
The gnoll is almost dead.
l - 69 stones The gnoll barely misses you.
Casting: Sandblast
Confirm with . or Enter, or press ? or * to list all spells.
Aiming: Sandblast
Press: ? - help, Shift-Dir - straight line, f/p - gnoll
Aim: a gnoll, wielding a spear (almost dead)
The blast of sand hits the gnoll.
The gnoll is almost dead.
l - 68 stones The gnoll misses you.
Casting: Sandblast
Confirm with . or Enter, or press ? or * to list all spells.
Aiming: Sandblast
Press: ? - help, Shift-Dir - straight line, f - gnoll, p - gnoll
Aim: a gnoll, wielding a halberd of venom You miscast Sandblast.
You are very lightly contaminated with residual magic.
Motes of dust swirl before your eyes.
The gnoll hits you but does no damage. x2
Casting: Sandblast
Confirm with . or Enter, or press ? or * to list all spells.
Aiming: Sandblast
Press: ? - help, Shift-Dir - straight line, f/p - gnoll
Aim: a gnoll, wielding a halberd of venom The blast of sand hits the gnoll.
The gnoll is severely wounded.
l - 67 stones The gnoll completely misses you.
The gnoll misses you.
Unknown command.
Casting: Sandblast
Confirm with . or Enter, or press ? or * to list all spells.
Aiming: Sandblast
Press: ? - help, Shift-Dir - straight line, f/p - gnoll
Aim: a gnoll, wielding a halberd of venom
Okay, then.
Casting: Sandblast
Confirm with . or Enter, or press ? or * to list all spells.
Aiming: Sandblast
Press: ? - help, Shift-Dir - straight line, f - gnoll, p - gnoll
Aim: a gnoll, wielding a spear (almost dead)
The blast of sand hits the gnoll.
The gnoll is severely wounded.
l - 66 stones The gnoll closely misses you.
The gnoll misses you.
Unknown command.
Firing (i - inventory):
l - 66 stones (quivered)
Press: ? - help, Shift-Dir - straight line, f/p - gnoll
Aim: a gnoll, wielding a spear (almost dead)
You shoot a stone. The stone hits the gnoll.
The gnoll is severely wounded.
The gnoll hits you with a flail of protection.
* * * LOW HITPOINT WARNING * * *
The gnoll closely misses you.
Unknown command.
Firing (i - inventory):
l - 65 stones (quivered)
Press: ? - help, Shift-Dir - straight line, f/p - gnoll
Aim: a gnoll, wielding a spear (almost dead)
You shoot a stone. The stone closely misses the gnoll.
The stone barely misses the gnoll. x2; The gnoll closely misses you.
The gnoll hits you from afar with a halberd of venom!
You die...

###.#####.#.#
#.......#.#.#
##.......#.#.##### ..
................># #.
#....(..#.###.### #g
#.......#.# #.# . #g
#.......#.# #.# ... #.
#.......#.# #.#
....##(###@......#.###.#
.......ggg...........#.#
........#######†#....#.#
........# #......#.#
........# ##.....#
######### #.....#
#.....# #.....# ##....#


You could see 3 gnolls.

Vanquished Creatures
  A gnoll (D:2)
  An adder (D:2)
  A worm (D:2)
  3 dart slugs
  2 bats (D:1)
  2 giant cockroaches
  3 goblins
  3 hobgoblins
  A jackal (D:3)
  3 frilled lizards
  5 kobolds
  5 rats
30 creatures vanquished.

Notes
Turn   | Place    | Note
-------+----------+-------------------------------------------
     0 | D:1      | tidbits the Gnoll Earth Elementalist began the quest for the Orb.
     0 | D:1      | Reached XP level 1. HP: 13/13 MP: 6/6
   105 | D:1      | Reached skill level 2 in Transmutations
   126 | D:1      | Reached XP level 2. HP: 19/19 MP: 5/7
   247 | D:1      | Learned a level 2 spell: Passwall
   294 | D:2      | Reached skill level 5 in Spellcasting
   294 | D:2      | Reached XP level 3. HP: 25/25 MP: 3/9
   347 | D:3      | Reached skill level 1 in Invocations
   387 | D:3      | Noticed Ijyb
   463 | D:2      | Reached skill level 1 in Fighting
   463 | D:2      | Reached skill level 1 in Short Blades
   463 | D:2      | Reached skill level 1 in Long Blades
   463 | D:2      | Reached skill level 1 in Axes
   463 | D:2      | Reached skill level 1 in Maces & Flails
   463 | D:2      | Reached skill level 1 in Polearms
   463 | D:2      | Reached skill level 1 in Staves
   463 | D:2      | Reached skill level 1 in Slings
   463 | D:2      | Reached skill level 1 in Bows
   463 | D:2      | Reached skill level 1 in Crossbows
   463 | D:2      | Reached skill level 1 in Throwing
   463 | D:2      | Reached skill level 1 in Armour
   463 | D:2      | Reached skill level 1 in Shields
   463 | D:2      | Reached skill level 1 in Unarmed Combat
   463 | D:2      | Reached skill level 1 in Evocations
   471 | D:2      | Slain by a gnoll

Vault maps used:
D:1:      dpeg_arrival_more_subterranean_lakeside_camping
D:3:      lemuel_round_altar, elyvilon_altar_3, first_ration,
          minmay_three_crescents, uniq_jessica, uniq_ijyb

Skill      XL: |  1  2  3 |
---------------+----------+-----
Transmutations | 2 |  2.1
Spellcasting   | 5 |  5.0
Invocations    | 1 |  1.0
Fighting       | 1 |  1.0
Short Blades   | 1 |  1.0
Long Blades    | 1 |  1.0
Axes           | 1 |  1.0
Maces & Flails | 1 |  1.0
Polearms       | 1 |  1.0
Staves         | 1 |  1.0
Slings         | 1 |  1.0
Bows           | 1 |  1.0
Crossbows      | 1 |  1.0
Throwing       | 1 |  1.0
Armour         | 1 |  1.0
Shields        | 1 |  1.0
Unarmed Combat | 1 |  1.0
Evocations     | 1 |  1.0
Dodging        | |  4.6
Stealth        | |  4.2
Conjurations   | |  0.7
Hexes          | |  0.7
Charms         | |  0.7
Summonings     | |  0.7
Necromancy     | |  0.7
Translocations | |  0.7
Fire Magic     | |  0.7
Ice Magic      | |  0.7
Air Magic      | |  0.7
Earth Magic    | |  5.4
Poison Magic   | |  0.7

Action                   || total
-------------------------++-------
Melee: Short sword       ||     6
 Fire: Hunting sling     ||     7
 Cast: Sandblast         ||    41
  Use: Potion            ||     1
 Stab: Sleeping          ||     2
Armor: Robe              ||     2
Dodge: Dodged            ||    28

Table legend:
 A = Spawn XP
 B = Non-spawn XP
 C = Spawn XP percentage of total XP
 D = Spawn monster count
 E = Non-spawn monster count
 F = Spawn count percentage of total count
 G = Total turns spent on level
                    A         B        C        D         E        F      G
               +---------+---------+-------+---------+---------+-------+---------
         Total |       0 |      80 |   0.0 |       0 |      30 |   0.0 |   471
               +---------+---------+-------+---------+---------+-------+---------
           D:1 |       0 |      22 |   0.0 |       0 |      13 |   0.0 |   246
           D:2 |       0 |      45 |   0.0 |       0 |      10 |   0.0 |   141
           D:3 |       0 |      13 |   0.0 |       0 |       7 |   0.0 |    84
               +---------+---------+-------+---------+---------+-------+---------

Table legend:
 A = Turns spent in this place as a percentage of turns spent in the entire game.
 B = Non-inter-level travel turns spent in this place as a percentage of non-inter-level travel turns spent in the entire game.
 C = Inter-level travel turns spent in this place as a percentage of turns spent in this place.
 D = Turns resting spent in this place as a percentage of non-inter-level travel turns spent in this place.
 E = Turns spent auto-exploring this place as a percentage of non-inter-level travel turns spent in this place.
 F = Non-inter-level travel turns spent in this place divided by the number of levels of this place that you've seen.
                   A       B       C       D       E      F
               +-------+-------+-------+-------+-------+----------------------
         Total | 100.0 | 100.0 |   0.0 |   0.0 |   0.0 | 157.0
       Dungeon | 100.0 | 100.0 |   0.0 |   0.0 |   0.0 | 157.0
               +-------+-------+-------+-------+-------+----------------------

Table legend:
 A = Kills in this place as a percentage of kills in entire the game.
 B = Kills by you in this place as a percentage of kills by you in the entire game.
 C = Kills by friends in this place as a percentage of kills by friends in the entire game.
 D = Other kills in this place as a percentage of other kills in the entire game.
 E = Experience gained in this place as a percentage of experience gained in the entire game.
 F = Experience gained in this place divided by the number of levels of this place that you have seen.
                   A       B       C       D       E      F
               +-------+-------+-------+-------+-------+----------------------
         Total | 100.0 | 100.0 |   N/A |   N/A | 100.0 |  26.7
       Dungeon | 100.0 | 100.0 |   N/A |   N/A | 100.0 |  26.7
               +-------+-------+-------+-------+-------+----------------------

Vault maps used:
D:1:      dpeg_arrival_more_subterranean_lakeside_camping
D:3:      lemuel_round_altar, elyvilon_altar_3, first_ration,
          minmay_three_crescents, uniq_jessica, uniq_ijyb
